 Dungeon Crawl Stone Soup version 0.22-a0-412-g2b68d144a4 (webtiles) character file.

32 Dreamer the Changer (level 3, -1/23 HPs)
             Began as an Octopode Transmuter on May 12, 2018.
             Slain by a rat (3 damage)
             ... on level 1 of the Dungeon.
             The game lasted 00:02:28 (1369 turns).

Dreamer the Changer (Octopode Transmuter)           Turns: 1369, Time: 00:02:29

Health: -1/23      AC:  1    Str:  9    XL:     3   Next: 25%
Magic:  6/6        EV: 13    Int: 16    God:
Gold:   17         SH:  0    Dex: 12    Spells: 3/7 levels left

rFire    . . .     SeeInvis .   d - +0 mace
rCold    . . .     Gourm    .   (no shield)
rNeg     . . .     Faith    .   (helmet restricted)
rPois    .         Spirit   .   (no amulet)
rElec    .         Reflect  .   (no ring)
rCorr    .         Harm     .   (no ring)
MR       .....                  (no ring)
Stlth    ++........             (no ring)
HPRegen  0.07/turn              (no ring)
MPRegen  0.10/turn              (no ring)
                                (no ring)
                                (no ring)

@: no status effects
A: almost no armour, stealthy swim, amphibious, 8 rings, constrict 8, camouflage
1, gelatinous body 1
a: no special abilities


You were on level 1 of the Dungeon.
You were not hungry.

You visited 1 branch of the dungeon, and saw 2 of its levels.

You collected 17 gold pieces.

Inventory:

Hand Weapons
 d - a +0 mace (weapon)
Potions
 a - 2 potions of haste {unknown}
 e - a potion of flight {unknown}
Comestibles
 c - 2 rations


   Skills:
 - Level 1.0 Fighting
 - Level 2.0 Dodging
 - Level 3.0 Unarmed Combat
 - Level 2.5 Spellcasting
 + Level 3.1 Transmutations


You had 3 spell levels left.
You knew the following spells:

 Your Spells              Type           Power        Failure   Level  Hunger
a - Beastly Appendage     Tmut           ##....       5%          1    #......
b - Spider Form           Tmut/Pois      #.........   30%         3    ###....

Your spell library contained the following spells:

 Spells                   Type           Power        Failure   Level  Hunger
 Blade Hands              Tmut           ##........   83%         5    ######.
 Ice Form                 Ice/Tmut       #.......     71%         4    #####..
 Sticks to Snakes         Tmut           ##......     9%          2    ##.....


Dungeon Overview and Level Annotations

Branches:
Dungeon (2/15)

Altars:


Innate Abilities, Weirdness & Mutations

You cannot wear most types of armour.
You are very stealthy in the water. (Stealth+)
You are amphibious.
You can wear up to eight rings at the same time.
You can use your tentacles to constrict eight enemies at once.
Your skin changes colour to match your surroundings (Stealth+).
Your rubbery body absorbs attacks. (AC +1, EV +1)


Message History

The rat barely misses you. The hobgoblin barely misses you.
You hit the hobgoblin.
The hobgoblin is heavily wounded.
You constrict the hobgoblin, but do no damage.
The rat barely misses you.
The hobgoblin hits you but does no damage.
The rat bites you but does no damage.
You hit the hobgoblin.
You kill the hobgoblin!
The rat barely misses you. The rat bites you.
* * * LOW HITPOINT WARNING * * *
You climb upwards.
Your tentacle spike disappears.
There is a stone staircase leading down here.
You completely miss the rat. You grab the rat.
You constrict the rat, but do no damage.
The rat misses you. The rat barely misses you.
You hit the rat but do no damage. You constrict the rat. The rat bites you.
You die...

.###........#.........######.#
............+.........# #.#
............#.........# #.#
.###........#.........# #.# .#
##########.........# #.# .#
#.........# #.# .# ###########
#.# .############..r......###
#.# ................@)....'.#
#.# ......................###
#.# .#..#########.........#
#.# .#..# #.........# #.#
....# #.........# #.# ##)##
##.........# #.# #.#####
#.......#### #.# #.....#
#.......# #.# #.....#
#.......# #.#


You could see a rat.

Vanquished Creatures
  An adder (D:1)
  A ball python (D:1)
  2 goblins (D:1)
  2 hobgoblins
  6 jackals
  2 bats (D:1)
  A frilled lizard (D:1)
  4 kobolds (D:1)
  2 rats
21 creatures vanquished.

Notes
Turn   | Place    | Note
-------+----------+-------------------------------------------
     0 | D:1      | Dreamer the Octopode Transmuter began the quest for the Orb.
     0 | D:1      | Reached XP level 1. HP: 13/13 MP: 3/3
   488 | D:1      | Reached XP level 2. HP: 18/18 MP: 5/5
  1129 | D:1      | Reached XP level 3. HP: 12/23 MP: 4/6
  1134 | D:1      | Learned a level 3 spell: Spider Form
  1369 | D:1      | Slain by a rat

Vault maps used:
D:1:      tarquinn_simple_flora_water_a

Skill      XL: |  1  2 |
---------------+-------+-----
Transmutations | 3 |  3.1
Fighting       | |  1.0
Dodging        | |  2.0
Unarmed Combat | |  3.0
Spellcasting   | |  2.5

Action                   || total
-------------------------++-------
Melee: Unarmed           ||    21
       Constrict         ||    17
       Tentacles         ||     6
       Kick              ||     6
       Mace              ||    26
 Cast: Beastly Appendage ||     4
 Stab: Sleeping          ||     3
  Eat: Chunk             ||     1
Armor: Skin              ||     7
Dodge: Dodged            ||    36

Table legend:
 A = Spawn XP
 B = Non-spawn XP
 C = Spawn XP percentage of total XP
 D = Spawn monster count
 E = Non-spawn monster count
 F = Spawn count percentage of total count
 G = Total turns spent on level
                    A         B        C        D         E        F      G
               +---------+---------+-------+---------+---------+-------+---------
         Total |       0 |      46 |   0.0 |       0 |      21 |   0.0 |  1369
               +---------+---------+-------+---------+---------+-------+---------
           D:1 |       0 |      39 |   0.0 |       0 |      17 |   0.0 |  1353
           D:2 |       0 |       7 |   0.0 |       0 |       4 |   0.0 |    16
               +---------+---------+-------+---------+---------+-------+---------
